 Dungeon Crawl Stone Soup version 0.29.1-1-gd02db6906a (webtiles) character file.

Game seed: 10553566308174306632

58 Icepheonix32 the Trooper (level 3, -13/34 HPs)
             Began as a Minotaur Fighter on Sept 23, 2022.
             Mangled by an ogre
             ... wielding a +0 giant club
              (18 damage)
             ... on level 2 of the Dungeon.
             The game lasted 00:01:23 (1483 turns).

Icepheonix32 the Trooper (Minotaur Fighter)         Turns: 1483, Time: 00:01:24

Health: -13/34     AC:  7    Str: 22    XL:     3   Next: 76%
Magic:  2/2        EV:  9    Int:  5    God:
Gold:   126        SH:  6    Dex: 21    Spells: 2/2 levels left

rFire   . . .      SeeInvis .   a - +0 war axe
rCold   . . .      Faith    .   c - +0 buckler
rNeg    . . .      Spirit   .   b - +0 scale mail
rPois   .          Reflect  .   (helmet restricted)
rElec   .          Harm     .   (no cloak)
rCorr   .          Rampage  .   (no gloves)
Will    .....                   (no boots)
Stlth   ..........              (no amulet)
HPRegen 0.11/turn               m - +6 ring of dexterity
MPRegen 0.08/turn               o - +6 ring of dexterity

@: hasted, very quick
A: horns 2, retaliatory headbutt
a: no special abilities


You were on level 2 of the Dungeon.
You visited 1 branch of the dungeon, and saw 2 of its levels.

You collected 126 gold pieces.

Inventory:

Hand Weapons
 a - a +0 war axe (weapon)
Armour
 b - a +0 scale mail (worn)
 c - a +0 buckler (worn)
Jewellery
 m - a +6 ring of dexterity (left hand)
 o - a +6 ring of dexterity (right hand)
Scrolls
 e - 2 scrolls of noise {unknown}
 f - a scroll of enchant weapon {unknown}
 g - a scroll of fear {unknown}
 j - a scroll of amnesia
 l - a scroll of teleportation {unknown}
 p - a scroll of identify
Potions
 d - 2 potions of might
 i - 3 potions of curing {unknown}
 k - a potion of berserk rage {unknown}
 n - a potion of resistance {unknown}
 q - a potion of lignification {unknown}


   Skills:
 * Level 4.6 Fighting
 + Level 2.7 Axes
 + Level 4.1 Armour
 + Level 4.4 Shields


You had 2 spell levels left.
You didn't know any spells.
Your spell library contained the following spells:

 Spells                   Type           Power      Damage    Failure   Level
 Magic Dart               Conj           0%         1d3       87%         1
 Call Imp                 Summ           0%         N/A       95%         2
 Mephitic Cloud           Conj/Pois/Air  0%         N/A       99%         3


Dungeon Overview and Level Annotations

Branches:
Dungeon (2/15)

Altars:

Annotations:
D:2 1 runed translucent door, Crazy Yiuf


Innate Abilities, Weirdness & Mutations

You have a pair of horns on your head.
You reflexively headbutt those who attack you in melee.


Message History

A goblin comes into view. It is wielding a +0 club.
The goblin shouts!
You see here 15 gold pieces.
A goblin is nearby!
The goblin barely misses you. You furiously retaliate!
You headbutt the goblin.
You kill the goblin!
No target in view!
No target in view!
No target in view!
No target in view!
No target in view!
No target in view!
No target in view!
No target in view!
No target in view!
No target in view!
You now have 113 gold pieces (gained 15).
q - a grey potion
Found a hand axe.
No target in view!
There is a stone staircase leading down here.
You now have 126 gold pieces (gained 13).
An ogre comes into view. It is wielding a +0 giant club.
The ogre shouts!
The ogre hits you with a +0 giant club!
You slash the ogre!
The ogre is heavily wounded.
The ogre hits you with a +0 giant club!!
Ouch! That really hurt!
* * * LOW HITPOINT WARNING * * *
Unknown command.
It was a potion of haste.
You feel yourself speed up.
You hit the ogre. You headbutt the ogre.
The ogre is severely wounded.
The ogre barely misses you.
You barely miss the ogre.
The ogre is severely wounded.
The ogre hits you with a +0 giant club!!
Ouch! That really hurt!
You die...

#.###.###
#.......# ##
####..### .
#....# #.
#.#### #
#.### #.# #
#...# #.# #
#O# #.# #@#
#.# ##### #.#
#####.###.##.
######.#
#............
#......#
#>#######....
#.###### #.#
#.### #.#
####.# #....
#.# #....#
##### #.#
#.#### #.#
#.#


You could see an ogre.

Vanquished Creatures
  2 adders (D:2)
  A worm (D:2)
  A dart slug (D:1)
  2 ball pythons
  3 bats
  2 endoplasms
  3 giant cockroaches
  5 goblins (D:2)
  A hobgoblin (D:1)
  3 jackals (D:1)
  4 kobolds (D:1)
  A quokka (D:1)
  A frilled lizard (D:1)
  2 rats
31 creatures vanquished.

Notes
Turn   | Place    | Note
-------+----------+-------------------------------------------
     0 | D:1      | Icepheonix32 the Minotaur Fighter began the quest for the
                  | Orb.
     0 | D:1      | Reached XP level 1. HP: 19/19 MP: 0/0
   195 | D:1      | Reached XP level 2. HP: 27/27 MP: 1/1
   333 | D:1      | Found a faded altar of an unknown god.
   913 | D:2      | Found a runed translucent door.
   914 | D:2      | Noticed Crazy Yiuf
   945 | D:2      | Reached XP level 3. HP: 33/33 MP: 2/2
  1477 | D:2      | Noticed an ogre
  1483 | D:2      | Mangled by an ogre

Illustrated notes

Levels and vault maps discovered:
D:1:      amcnicky_arrival_single_pillar, layout_loops_ring,
          hellmonk_ecumenical_altar_lost_god
D:2:      layout_loops_ring, minmay_octomino_c4, uniq_crazy_yiuf_cottage

Skill      XL: |  1  2  3 |
---------------+----------+-----
Shields        | 4 |  4.4
Fighting       | 4 |  4.6
Armour         | 4 |  4.1
Axes           | |  2.7

Action                   || total
-------------------------++-------
Melee: War axe           ||    55
       Headbutt          ||     8
  Use: Scroll            ||     1
       Potion            ||     1
Armor: Scale mail        ||    22
Dodge: Dodged            ||    30
Block: Buckler           ||    17
